 Dungeon Crawl Stone Soup version 0.24.0-13-gcf9b3192b9 (console) character file.

Game seed: 7071525958671989179, levelgen mode: deterministic

14702 AlterAsc the Grappler (level 11, -1/97 HPs)
             Began as a Red Draconian Transmuter on Nov 5, 2019.
             Was an Elder of Makhleb.
             Impaled on a porcupine's spines (9 damage)
             ... on level 2 of the Lair of Beasts.
             The game lasted 00:44:49 (12962 turns).

AlterAsc the Grappler (Red Draconian Transmuter)   Turns: 12962, Time: 00:44:50

Health: -1/97      AC: 13    Str: 17 (19) XL:     11   Next: 92%
Magic:  11/21      EV: 15    Int: 14 (17) God:    Makhleb [****..]
Gold:   851        SH:  0    Dex: 11 (14) Spells: 12/24 levels left

rFire    + . .     SeeInvis .     - Unarmed
rCold    . . .     Gourm    .   (shield currently unavailable)
rNeg     . . .     Faith    .   (armour unavailable)
rPois    +         Spirit   .   (helmet restricted)
rElec    .         Reflect  .   h - +2 cloak
rCorr    .         Harm     .   (gloves currently unavailable)
MR       .....                  U - +2 pair of boots (curse)
Stlth    +.........             z - amulet of the acrobat
HPRegen  0.26/turn              S - +3 ring of dexterity
MPRegen  0.17/turn              G - ring "Taubyekh" {rPois Str+3 Int+3}

@: blade hands, very slightly contaminated
A: breathe fire, unfitting armour, fire resistance 1, cold-blooded, AC +7
a: Breathe Fire, End Transformation, Minor Destruction, Lesser Servant of
Makhleb, Major Destruction, Renounce Religion


You were on level 2 of the Lair of Beasts.
You worshipped Makhleb.
Makhleb was greatly pleased with you.
You were hungry.
You had blades for hands.
You visited 3 branches of the dungeon, and saw 14 of its levels.
You also visited: Bailey.

You collected 851 gold pieces.

Inventory:

Hand Weapons
 x - the +11 scythe "Peamyplug" {slice, +Blink rF+}
   (You found it on level 6 of the Dungeon)

   It inflicts extra damage upon your enemies.
   It protects you from fire.
   It lets you blink.
Missiles
 a - 142 arrows
 H - 2 datura-tipped darts
 I - 40 poisoned darts (quivered)
Armour
 h - a +2 cloak (worn)
 D - +0 acid dragon scales
 U - a cursed +2 pair of boots (worn)
Jewellery
 e - an uncursed ring of poison resistance
 n - a +3 ring of intelligence
 z - an amulet of the acrobat (around neck)
 E - an uncursed ring of positive energy
 G - the ring "Taubyekh" (right scythe-like blade) {rPois Str+3 Int+3}
   (You found it on level 11 of the Dungeon)

   [ring of poison resistance]

   It affects your strength (+3).
   It affects your intelligence (+3).
   It protects you from poison.
 Q - a +4 ring of intelligence
 S - a +3 ring of dexterity (left scythe-like blade)
Wands
 m - a wand of random effects (52)
 C - a wand of iceblast (1)
 K - a wand of flame (31)
 O - a wand of paralysis (8)
Scrolls
 d - a scroll of brand weapon {unknown}
 g - 5 scrolls of remove curse
 l - 2 scrolls of enchant armour
 p - 2 scrolls of teleportation
 t - 2 scrolls of immolation
 u - 3 scrolls of enchant weapon {unknown}
 w - 4 scrolls of amnesia {unknown}
 y - 2 scrolls of blinking {unknown}
 B - a scroll of acquirement {unknown}
 J - 2 scrolls of magic mapping {unknown}
 M - a scroll of holy word {unknown}
 N - 3 scrolls of identify
 R - a scroll of fog {unknown}
Potions
 b - 4 potions of brilliance
 f - 2 potions of ambrosia {unknown}
 i - a potion of invisibility
 j - 2 potions of berserk rage {unknown}
 k - a potion of magic {unknown}
 o - 4 potions of resistance
 q - 2 potions of haste {unknown}
 r - 3 potions of cancellation {unknown}
 s - 2 potions of mutation {unknown}
 v - a potion of agility {unknown}
 A - a potion of flight
 F - a potion of might
 L - 4 potions of degeneration
 P - 3 potions of heal wounds {unknown}
Comestibles
 c - 25 rations
 T - 10 chunks of flesh


   Skills:
 + Level 9.4 Fighting
 + Level 6.1 Dodging
 * Level 11.3 Unarmed Combat
 - Level 7.0 Spellcasting
 - Level 9.0 Transmutations
 - Level 2.0 Ice Magic
 - Level 3.0 Invocations


You had 12 spell levels left.
You knew the following spells:

 Your Spells              Type           Power        Failure   Level  Hunger
a - Beastly Appendage     Tmut           ####..       11%         1    None
b - Sticks to Snakes      Tmut           ####....     12%         2    #......
c - Blade Hands           Tmut           ####......   45%         5    ######.
d - Ice Form              Ice/Tmut       ###.....     54%         4    ####...

Your spell library contained the following spells:

 Spells                   Type           Power        Failure   Level  Hunger
 Spider Form              Tmut/Pois      ###.......   38%         3    ##.....
 Animate Skeleton         Necr           N/A          54%         1    None
 Apportation              Tloc           #.....       54%         1    None
 Confusing Touch          Hex            #.....       54%         1    None
 Flame Tongue             Conj/Fire      #....        54%         1    None
 Summon Small Mammal      Summ           #...         54%         1    None
 Throw Flame              Conj/Fire      #.....       65%         2    #......
 Conjure Flame            Conj/Fire      #.......     80%         3    ##.....
 Inner Flame              Hex/Fire       #.......     80%         3    ##.....
 Portal Projectile        Hex/Tloc       #.....       80%         3    ##.....
 Yara's Violent Unravell  Hex/Tmut       ###.......   88%         5    ######.
 Sticky Flame             Conj/Fire      #.......     98%         4    ####...
 Fireball                 Conj/Fire      #.........   100%        5    ######.
 Summon Mana Viper        Hex/Summ       #.......     100%        5    ######.
 Ozocubu's Refrigeration  Ice            ##........   100%        6    #######


Dungeon Overview and Level Annotations

Branches:
Dungeon (11/15)            Temple (1/1) D:5            Lair (2/6) D:8
 Bailey (visited)
  Swamp: Lair:2-4    Shoals: Lair:2-4     Snake: Lair:2-4    Spider: Lair:2-4
    Orc: D:9-12

Altars:
Ashenzari
Cheibriados
Dithmenos
Elyvilon
Fedhas
Gozag
Hepliaklqana
Kikubaaqudgha
Makhleb
Nemelex Xobeh
Okawaru
Qazlal
Ru
Sif Muna
Trog
Uskayaw
Vehumet
Wu Jian
Xom
Yredelemnul
Zin
The Shining One

Shops:
D:5 *}

Annotations:
D:3 2 transporters, ponobo's ghost, amateur DrCj
Lair:2 Erica


Innate Abilities, Weirdness & Mutations

You can breathe blasts of fire.
Your fiery red scales are hard. (AC +7)
You cannot fit into any form of body armour.
Your flesh is heat resistant. (rF+)
You are cold-blooded and may be slowed by cold attacks.


Message History

You are no longer corroded.
The porcupine bites you.
You are struck by the porcupine's spines.
* * * LOW HITPOINT WARNING * * *
You barely miss the porcupine. You tail-slap the porcupine.
The porcupine is lightly wounded.
The porcupine completely misses you.
You are struck by the porcupine's spines.
* * * LOW HITPOINT WARNING * * *
You barely miss the porcupine.
The porcupine is lightly wounded.
The porcupine misses you.
Casting: Blade Hands (slightly dangerous; 10% risk of failure)
Confirm with . or Enter, or press ? or * to list all spells.
Your hands turn into razor-sharp scythe blades.
You are feeling hungry.
The porcupine bites you!
* * * LOW HITPOINT WARNING * * *
You are struck by the porcupine's spines.
You die...

#...... # #......
.# .. ##.....
#.##..
#P.....#####..#...
..................
............)....<
..................
.........r........
........##@#.P...
.....r###### #..
...... P.... .....
#... ....


You could see a porcupine.

Vanquished Creatures
  A hydra (D:11)
  Sonja (D:10)
  3 orc knights (Bailey)
  Pikel (D:6)
  An ugly thing (D:11)
  A black mamba (Lair:1)
  A komodo dragon (D:11)
  4 spiny frogs
  A rime drake (Lair:1)
  3 trolls (D:11)
  Sigmund (D:6)
  2 wyverns
  10 yaks
  A hungry ghost (D:7)
  2 water moccasins
  5 porcupines
  A slave (D:7)
  12 orc warriors
  An ice beast (D:9)
  3 sky beasts
  A necrophage (D:11)
  2 ogres
  3 phantoms
  3 wolves (Lair:2)
  3 centaurs
  An eye of draining (D:10)
  A crocodile (D:9)
  2 big kobolds
  12 bullfrogs
  2 scorpions
  3 killer bees (D:11)
  6 wights (D:11)
  A howler monkey (D:4)
  3 crimson imps
  A centaur zombie (D:5)
  2 jellies (D:7)
  A quasit (D:6)
  5 orc priests
  4 hounds
  A bullfrog skeleton (D:6)
  A centaur skeleton (D:6)
  An iguana (D:11)
  11 orc wizards
  6 worker ants
  A hound skeleton (D:5)
  A worker ant zombie (D:11)
  4 gnolls
  11 adders
  A shadow imp (D:4)
  An adder skeleton (D:4)
  6 worms
  2 dart slugs
  6 leopard geckos
  31 orcs
  4 ball pythons
  7 bats
  7 giant cockroaches
  12 goblins
  11 hobgoblins
  19 jackals
  21 kobolds
  5 quokkas
  2 frilled lizards (D:3)
  A leopard gecko zombie (D:7)
  7 rats
291 creatures vanquished.

Vanquished Creatures (collateral kills)
  A two-headed ogre (D:9)
  A centaur (D:9)
  An orc priest (D:4)
  A worker ant (D:4)
  2 orcs (D:4)
6 creatures vanquished.

Grand Total: 297 creatures vanquished

Notes
Turn   | Place    | Note
-------+----------+-------------------------------------------
     0 | D:1      | AlterAsc the Draconian Transmuter began the quest for the
                  | Orb.
     0 | D:1      | Reached XP level 1. HP: 16/16 MP: 3/3
   201 | D:1      | Reached XP level 2. HP: 20/23 MP: 1/5
   725 | D:1      | Reached XP level 3. HP: 6/28 MP: 6/6
  1345 | D:2      | Learned a level 2 spell: Sticks to Snakes
  1564 | D:2      | Reached XP level 4. HP: 26/35 MP: 7/7
  1667 | D:2      | Found a hazy altar of Hepliaklqana.
  2034 | D:2      | Found an iron altar of Okawaru.
  2798 | D:3      | Reached XP level 5. HP: 27/40 MP: 6/9
  2808 | D:3      | Learned a level 5 spell: Blade Hands
  3482 | D:3      | Found a transporter.
  3484 | D:3      | Noticed ponobo's ghost (amateur DrCj)
  3520 | D:3      | Found a transporter.
  3724 | D:3      | Found a shimmering altar of Xom.
  4013 | D:4      | Reached skill level 4 in Unarmed Combat
  4296 | D:4      | Reached XP level 6. HP: 32/47 MP: 3/11
  4657 | D:4      | Found a shadowy altar of Dithmenos.
  4749 | D:4      | Reached skill level 5 in Transmutations
  4862 | D:5      | Entered Level 5 of the Dungeon
  4862 | D:5      | Found Pejis's Gadget Shoppe.
  5557 | D:5      | Found Zin's Purification Station.
  5577 | D:5      | Found a glowing silver altar of Zin.
  5588 | D:5      | Your scales start taking on a fiery red colour.
  5588 | D:5      | Reached XP level 7. HP: 45/52 MP: 13/13
  5588 | D:5      | Gained mutation: Your flesh is heat resistant. (rF+) [Red
                  | Draconian growth]
  5721 | D:5      | Found a staircase to the Ecumenical Temple.
  5727 | Temple   | Entered the Ecumenical Temple
  5734 | Temple   | Became a worshipper of Makhleb the Destroyer
  6544 | D:6      | Got a jewelled scythe
  6545 | D:6      | Identified the +11 scythe "Peamyplug" {slice, +Blink rF+}
                  | (You found it on level 6 of the Dungeon)
  6590 | D:6      | Reached XP level 8. HP: 55/61 MP: 10/15
  6623 | D:6      | Reached skill level 5 in Spellcasting
  6677 | D:6      | Noticed Sigmund
  6687 | D:6      | Killed Sigmund
  6815 | D:6      | Reached * piety under Makhleb
  6815 | D:6      | Reached skill level 5 in Unarmed Combat
  7253 | D:7      | Learned a level 4 spell: Ice Form
  7559 | D:7      | Noticed Pikel
  7791 | D:6      | Killed Pikel
  7791 | D:6      | Reached skill level 1 in Ice Magic
  7791 | D:6      | Reached XP level 9. HP: 40/72 MP: 13/18
  8158 | D:7      | Found a sacrificial altar of Ru.
  8166 | D:7      | Found a basalt altar of Yredelemnul.
  8251 | D:8      | Found a radiant altar of Vehumet.
  8279 | D:8      | Reached skill level 6 in Unarmed Combat
  8289 | D:8      | Reached skill level 5 in Fighting
  8747 | D:8      | Found a staircase to the Lair.
  9016 | D:9      | Reached ** piety under Makhleb
  9106 | D:9      | Found a flagged portal.
  9126 | Bailey   | Entered a bailey
  9132 | Bailey   | Noticed an orc knight
  9289 | Bailey   | Killed an orc knight
  9289 | Bailey   | Reached skill level 7 in Unarmed Combat
  9289 | Bailey   | Reached XP level 10. HP: 81/83 MP: 12/20
  9375 | Bailey   | Noticed an orc knight
  9379 | Bailey   | Noticed an orc knight
  9417 | Bailey   | Killed an orc knight
  9426 | Bailey   | Killed an orc knight
  9427 | Bailey   | Reached skill level 8 in Unarmed Combat
  9857 | D:9      | Noticed a two-headed ogre
  9866 | D:9      | Killed a two-headed ogre
  9925 | D:9      | Found a white marble altar of Elyvilon.
 10040 | D:9      | Reached *** piety under Makhleb
 10246 | D:10     | Entered Level 10 of the Dungeon
 10251 | D:10     | Reached skill level 9 in Unarmed Combat
 10372 | D:10     | Noticed Sonja
 10387 | D:10     | Killed Sonja
 10602 | D:10     | Reached XP level 11. HP: 81/94 MP: 16/21
 10873 | D:11     | Got a shimmering glass ring
 10875 | D:11     | Identified the ring "Taubyekh" {rPois Str+3 Int+3} (You
                  | found it on level 11 of the Dungeon)
 10893 | D:11     | Noticed a green ugly thing
 10909 | D:11     | Killed a green ugly thing
 10919 | D:11     | Reached skill level 10 in Unarmed Combat
 10965 | D:11     | Reached skill level 5 in Dodging
 11067 | D:11     | Noticed a five-headed hydra
 11190 | D:11     | Killed a five-headed hydra
 11370 | D:11     | Found a burning altar of Makhleb.
 11626 | D:11     | Reached **** piety under Makhleb
 11684 | D:11     | Reached skill level 1 in Invocations
 11886 | Lair:1   | Entered Level 1 of the Lair of Beasts
 12033 | Lair:1   | Reached skill level 11 in Unarmed Combat
 12453 | Lair:1   | Identified Sif Muna's Handbook of the Icy Oath
 12907 | Lair:2   | Noticed Erica
 12962 | Lair:2   | Impaled on a porcupine's spines

Levels and vault maps discovered:
D:1:      dpeg_arrival_simpleton_b, layout_loops_cross, minmay_misc_feat_doors
D:2:      layout_basic, lemuel_doored_altar, lemuel_tele_altar
D:3:      layout_loops_ring, marbit_many_paths, gammafunk_ghost_mausoleum,
          first_ration, minmay_misc_feat_tower
D:4:      layout_basic, lemuel_crystal_altar
D:5:      layout_layer_cave, zin_purify, minmay_temple_entry_wispy,
          serial_shops, shop_statue, corexii_shack,
          chequers_serial_rivers_micro_d
D:6:      layout_gridville, uniq_sigmund
D:7:      layout_gridville, minitemple, uniq_pikel
D:8:      layout_basic, grunt_lair_entry_orc_guard_hut, basic_altar
D:9:      layout_gridville, lemuel_round_altar, enter_bailey_3
D:10:     layout_roguey, hangedman_decor_points, blue_anna_alchemist
          [blue_anna_fruit_fields, blue_anna_fruit_fields], uniq_sonja
D:11:     layout_roguey, basic_altar
Temple:   nicolae_temple_no_exploring_needed
Lair:1:   layout_cave_pods, serial_bayou_shore_a
Lair:2:   layout_regular_city, uniq_erica

Skill      XL: |  1  2  3  4  5  6  7  8  9 10 11 |
---------------+----------------------------------+-----
Transmutations | 3 4 5 7 8 9 |  9.0
Spellcasting   | 3 4 6 7 |  7.0
Unarmed Combat | 4 5 7 9 11 | 11.3
Fighting       | 2 4 6 7 9 |  9.4
Ice Magic      | 1 2 |  2.0
Dodging        | 4 6 |  6.1
Invocations    | 3 |  3.0

Action                   |  1- 3 |  4- 6 |  7- 9 | 10-12 || total
-------------------------+-------+-------+-------+-------++-------
Melee: Unarmed           |   125 |   294 |   284 |   235 ||   938
       Tailslap          |    10 |    29 |    18 |    19 ||    76
       Headbutt          |     5 |    11 |     5 |       ||    21
       Kick              |    10 |    30 |       |       ||    40
       Punch             |     2 |       |     3 |     4 ||     9
 Cast: Beastly Appendage |    30 |    35 |    12 |     1 ||    78
       Sticks to Snakes  |       |    13 |     4 |     4 ||    21
       Blade Hands       |       |       |    23 |    35 ||    58
       Ice Form          |       |       |       |     1 ||     1
Invok: Lesser Servant of |       |       |       |     1 ||     1
 Abil: Breathe Fire      |       |       |     3 |       ||     3
Evoke: Wand              |       |       |     4 |     9 ||    13
  Use: Scroll            |       |     4 |     5 |     4 ||    13
       Potion            |       |       |     2 |     5 ||     7
  Eat: Chunk             |     3 |    13 |    13 |    23 ||    52
       Ration            |       |       |     3 |       ||     3
Armor: Skin              |    21 |    79 |    93 |    38 ||   231
Dodge: Dodged            |    69 |   168 |   162 |   144 ||   543
